Map: [ESL] Tropical Sacrifice

Players

Ranger - Winner!

  • Race: Protoss Protoss
  • Spawn Location: 1:00

Probe

  • Race: Protoss Protoss
  • Spawn Location: 7:00

Event: DreamHack SC2 Masters 2022 Atlanta (Online)

VOD

Have the link to the VOD?

Description

Time

  • Played on: Sept. 30, 2022, 6:42 a.m.
  • Length: 9:18

All games in this series

Show
View Real Time Build Order
Export as new Build Order

Ranger Protoss - Winner!

Build Orders:  

Get SALT Encoding   

  12  0:00  Probe  
  13  0:12  Probe  
  14  0:20  Pylon  
  14  0:24  Probe  
  15  0:39  Gateway, Probe (Chrono Boost)  
  16  0:46  Probe (Chrono Boost)  
  16  0:48  Assimilator  
  17  0:53  Probe  
  18  1:01  Assimilator  
  18  1:05  Probe  
  19  1:15  Pylon  
  19  1:17  Probe  
  20  1:29  Zealot  
  20  1:30  Cybernetics Core  
  22  1:35  Probe  
  22  1:38  Pylon  
  23  1:47  Probe  
  24  1:59  Probe  
  25  2:06  Stalker  
  27  2:08  Warp Gate (Chrono Boost)  
  27  2:13  Probe  
  28  2:27  Probe  
  28  2:29  Gateway  
  29  2:36  Stalker  
  31  2:45  Pylon  
  30  3:08  Gateway, Stalker  
  30  3:09  Shield Battery  
  32  3:13  Pylon  
  32  3:30  Nexus  
  30  3:43  Probe (Chrono Boost)  
  31  3:52  Probe (Chrono Boost), Stalker x2  
  36  4:00  Probe (Chrono Boost)  
  37  4:07  Twilight Council  
  37  4:12  Probe (Chrono Boost)  
  38  4:20  Sentry x2  
  38  4:21  Probe (Chrono Boost)  
  43  4:27  Probe, Pylon  
  44  4:35  Phoenix  
  44  4:38  Blink (Chrono Boost)  
  44  4:41  Probe (Chrono Boost)  
  44  4:43  Probe (Chrono Boost)  
  46  4:48  Sentry  
  50  4:54  Probe (Chrono Boost)  
  50  4:55  Probe (Chrono Boost)  
  50  4:57  Robotics Facility  
  50  4:58  Probe (Chrono Boost)  
  50  5:03  Stalker  
  50  5:05  Probe  
  54  5:09  Probe  
  55  5:14  Gateway  
  55  5:17  Probe  
  56  5:21  Probe  
  56  5:22  Assimilator  
  56  5:28  Stalker  
  59  5:29  Stalker  
  59  5:32  Phoenix, Pylon  
  61  5:37  Pylon  
  61  5:40  Probe  
  62  5:43  Pylon  
  62  5:50  Probe  
  62  5:51  Observer  
  62  5:53  Probe  
  65  6:00  Stalker x3  
  71  6:05  Probe  
  71  6:06  Probe  
  73  6:17  Pylon  
  73  6:22  Stalker  
  73  6:23  Stalker x2  
  73  6:24  Stalker  
  81  6:29  Warp Prism (Chrono Boost)  
  83  6:48  Stalker x4  
  83  6:52  Pylon  
  89  7:20  Stalker x4  
  95  7:23  Nexus  
  85  7:53  Stalker x4  
  85  7:54  Probe x2  
  93  8:06  Probe  
  93  8:07  Probe  
  85  8:17  Stalker x4  
  85  8:18  Probe  
  85  8:19  Probe  
  93  8:31  Probe x2  
  91  8:42  Forge  
  91  8:43  Probe x2  
  87  8:54  Stalker x4  
  87  8:55  Probe x2  
  95  8:56  Shield Battery  
Show
View Real Time Build Order
Export as new Build Order

Probe Protoss 

Build Orders:  

Get SALT Encoding   

  12  0:00  Probe  
  13  0:12  Probe  
  14  0:19  Pylon  
  14  0:24  Probe (Chrono Boost)  
  15  0:37  Probe (Chrono Boost)  
  15  0:42  Gateway  
  16  0:45  Probe (Chrono Boost)  
  17  0:50  Assimilator  
  17  0:51  Probe  
  18  1:03  Probe (Chrono Boost)  
  19  1:07  Assimilator  
  19  1:09  Pylon  
  19  1:14  Probe (Chrono Boost)  
  20  1:19  Probe (Chrono Boost)  
  21  1:29  Cybernetics Core  
  23  1:33  Probe  
  23  1:37  Zealot  
  24  1:45  Probe  
  25  1:48  Pylon  
  25  1:58  Probe  
  26  2:07  Stalker  
  28  2:09  Pylon  
  28  2:10  Probe  
  29  2:19  Stargate  
  29  2:23  Pylon  
  29  2:25  Pylon  
  29  2:32  Probe  
  29  2:34  Warp Gate  
  30  2:43  Stalker  
  31  2:57  Nexus  
  31  3:03  Shield Battery  
  35  3:22  Void Ray (Chrono Boost)  
  35  3:34  Gateway  
  35  3:38  Shield Battery  
  35  3:51  Pylon  
  35  3:53  Robotics Facility  
  39  4:12  Void Ray (Chrono Boost)  
  39  4:13  Probe  
  40  4:26  Stalker  
  40  4:28  Probe  
  40  4:30  Stalker  
  45  4:31  Probe  
  46  4:41  Probe (Chrono Boost)  
  47  4:47  Probe (Chrono Boost)  
  47  4:51  Observer  
  50  4:53  Sentry, Probe (Chrono Boost)  
  50  4:58  Probe (Chrono Boost)  
  53  5:00  Probe (Chrono Boost)  
  53  5:03  Probe (Chrono Boost)  
  53  5:04  Pylon  
  53  5:05  Forge  
  55  5:07  Probe  
  55  5:14  Probe  
  57  5:19  Probe  
  58  5:24  Immortal  
  58  5:25  Protoss Ground Weapons Level 1 (Chrono Boost)  
  58  5:26  Probe  
  63  5:30  Pylon  
  63  5:31  Probe  
  64  5:38  Probe, Assimilator  
  65  5:46  Twilight Council  
  65  5:47  Probe  
  66  5:51  Probe  
  67  6:00  Immortal (Chrono Boost)  
  71  6:08  Pylon  
  71  6:13  Nexus  
  71  6:20  Charge (Chrono Boost)  
  71  6:29  Shield Battery  
  71  6:31  Shield Battery, Sentry  
  71  6:32  Stalker  
  74  6:39  Photon Cannon  
  74  6:42  Pylon  
  74  6:45  Pylon  
  74  6:47  Shield Battery  
  78  7:03  Stalker  
  78  7:04  Stalker  
  82  7:12  Robotics Facility  
  76  7:24  Gateway x2  
  76  7:26  Gateway x2  
  76  7:32  Stalker x2  
  76  7:33  Probe  
  76  7:36  Probe  
  82  7:42  Probe  
  81  7:45  Probe  
  80  7:54  Probe x2, Gateway  
  80  7:55  Gateway  
  82  7:59  Zealot x2  
  78  8:08  Immortal (Chrono Boost)  
  70  8:19  Zealot x3  
  70  8:33  Zealot x2  
  63  8:34  Probe  
  64  8:43  Zealot  
  64  8:44  Zealot  
  60  8:49  Probe  
  59  8:57  Pylon  
Tags
 
Add a new tag
Caveats
  • Supply blocks, unpowered buildings, or Contaminate may cause inaccurate times.
  • Supply counts are checked every 10 seconds.